 Dungeon Crawl Stone Soup version 0.23.0 (webtiles) character file.

Game seed: 8213831463259066262

1790208 martbhell the Conqueror (level 27, 273/273 HPs)
             Began as a Minotaur Berserker on Feb 17, 2019.
             Was a High Priest of Trog.
             Escaped with the Orb
             ... and 3 runes on Feb 18, 2019!
             The game lasted 06:26:44 (64457 turns).

martbhell the Conqueror (Minotaur Berserker)       Turns: 64457, Time: 06:26:44

Health: 273/273    AC: 39    Str: 30    XL:     27
Magic:  30/30      EV: 21    Int:  9    God:    Trog [*****.]
Gold:   4672       SH:  3    Dex: 13    Spells: 26/26 levels left

rFire    + + +     SeeInvis +   u - +9 executioner's axe (vamp)
rCold    + + +     Gourm    .   (shield currently unavailable)
rNeg     . . .     Faith    .   H - +9 plate armour {rPois}
rPois    +         Spirit   .   (helmet unavailable)
rElec    +         Reflect  +   J - +0 cloak {MR+}
rCorr    +         Harm     .   X - +0 pair of fencer's gloves {Riposte Dex+3}
MR       ++++.                  Y - +2 pair of boots
Stlth    ..........             j - amulet "Cixaf" {Reflect rElec rF- rC++ Slay+4 SH+3}
HPRegen  0.95/turn              m - ring of the Original Sin {rF+ MR+}
MPRegen  0.22/turn              M - ring of Moasem {rF++ Int+2 Dex-2 SInv Stlth+}

@: resistant, flying
A: retaliatory headbutt, horns 3, talons 1, blink, blurry vision 2, clever 1,
clumsy 1, deterioration 1, low mp 1, regeneration 1, wild magic 1
0: Orb of Zot
}: 3/15 runes: decaying, abyssal, gossamer
a: Blink, Berserk, Trog's Hand, Brothers in Arms, Renounce Religion


You escaped.
You worshipped Trog.
Trog was extremely pleased with you.
You were not hungry.

You visited 9 branches of the dungeon, and saw 48 of its levels.
You visited the Abyss 4 times.
You also visited: Trove, Gauntlet and Volcano.

You collected 5667 gold pieces.
You spent 995 gold pieces at shops.

Inventory:

Hand Weapons
 a - a +7 antimagic broad axe
 b - the cursed +3 battleaxe of Gedidgh {freeze, +Blink rPois rN++ MR-}
   (You found it on level 2 of the Depths)

   It has been specially enchanted to freeze those struck by it, causing extra
   injury to most foes and up to half again as much damage against particularly
   susceptible opponents.
   It can also slow down cold-blooded creatures.
   It protects you from poison.
   It greatly protects you from negative energy.
   It affects your resistance to hostile enchantments.
   It lets you blink.
   It has a curse placed upon it.
 u - a +9 vampiric executioner's axe (weapon)
 L - the +5 broad axe of Blind Justice {flame, rC+ Str-2 Dex+5}
   (You took it off a deep elf mage on level 1 of the Elven Halls)

   It has been specially enchanted to burn those struck by it, causing extra
   injury to most foes and up to half again as much damage against particularly
   susceptible opponents.
   Big, fiery blades are also staple armaments of hydra-hunters.
   It affects your strength (-2).
   It affects your dexterity (+5).
   It protects you from cold.
Missiles
 A - 40 tomahawks (quivered)
Armour
 w - a scarf of resistance
 H - a +9 plate armour of poison resistance (worn)
 I - the +7 plate armour of Upis {Regen+ Str-5 SInv}
   (You found it on level 5 of the Lair of Beasts)

   It affects your strength (-5).
   It lets you see invisible.
   It increases your rate of regeneration.
 J - a +0 cloak of magic resistance (worn)
 V - a +2 hat
 X - the +0 pair of fencer's gloves (worn) {Riposte Dex+3}
   (You acquired it on level 4 of the Depths)

   It affects your dexterity (+3).
 Y - a +2 pair of boots (worn)
Jewellery
 j - the amulet "Cixaf" (around neck) {Reflect rElec rF- rC++ Slay+4 SH+3}
   (You found it on level 1 of the Elven Halls)

   [amulet of reflection]

   It shields you and reflects attacks.
   It affects your accuracy and damage with ranged weapons and melee attacks
   (+4).
   It makes you vulnerable to fire.
   It greatly protects you from cold.
   It insulates you from electricity.
   It affects your SH (+3).
 m - the ring of the Original Sin (left hand) {rF+ MR+}
   (You found it on level 2 of the Depths)

   [ring of protection from fire]

   It protects you from fire.
   It affects your resistance to hostile enchantments.
 q - the amulet of Patiur {rF+ rN++ Regen+}
   (You found it in a treasure trove)

   [amulet of regeneration]

   It protects you from fire.
   It greatly protects you from negative energy.
   It increases your rate of regeneration.
 K - the ring "Kugus" {rElec rC+ Slay+1}
   (You found it in a treasure trove)

   [ring of slaying]

   It affects your accuracy and damage with ranged weapons and melee attacks
   (+1).
   It protects you from cold.
   It insulates you from electricity.
 M - the ring of Moasem (right hand) {rF++ Int+2 Dex-2 SInv Stlth+}
   (You found it in a treasure trove)

   [ring of stealth]

   It affects your intelligence (+2).
   It affects your dexterity (-2).
   It greatly protects you from fire.
   It lets you see invisible.
   It makes you more stealthy.
 O - the amulet "Geonipp" {Reflect rElec Str+3 SH+3}
   (You found it in a treasure trove)

   [amulet of reflection]

   It shields you and reflects attacks.
   It affects your strength (+3).
   It insulates you from electricity.
   It affects your SH (+3).
 R - an uncursed ring of resist corrosion
Wands
 f - a wand of clouds (4)
 i - a wand of enslavement (19)
 k - a wand of paralysis (16)
 x - a wand of acid (23)
 z - a wand of digging (1)
 F - a wand of flame (76)
 N - a wand of disintegration (61)
Scrolls
 d - 10 scrolls of immolation
 e - 10 scrolls of fear
 g - 3 scrolls of blinking
 h - 27 scrolls of remove curse
 t - 3 scrolls of magic mapping
 y - 2 scrolls of holy word
 C - 8 scrolls of teleportation
 D - a scroll of silence
 G - 6 scrolls of fog
 Q - a scroll of brand weapon
 T - a scroll of summoning
 U - 8 scrolls of identify
 Z - 7 scrolls of enchant weapon
Potions
 o - 3 potions of magic
 s - 5 potions of resistance
 S - 7 potions of cancellation
 W - 9 potions of mutation
Miscellaneous
 B - 3 boxes of beasts
 E - a phial of floods
Comestibles
 c - 34 rations


   Skills:
 O Level 27 Fighting
 - Level 26.0 Axes
 + Level 14.2 Throwing
 O Level 27 Armour
 - Level 23.0 Dodging
   Level 2.1 Shields
 + Level 15.3 Evocations


You had 26 spell levels left.
You didn't know any spells.
Your spell library was empty.

Dungeon Overview and Level Annotations

Branches:
Dungeon (15/15)            Temple (0/1) D:5            Lair (6/6) D:8
  Swamp (4/4) Lair:3       Spider (4/4) Lair:4        Slime (0/5) Lair:6
    Orc (2/2) D:11            Elf (3/3) Orc:2        Vaults (4/5) D:14
  Crypt (0/3) Vaults:3     Depths (5/5) D:15            Zot (5/5) Depths:5

Altars:
Cheibriados
Dithmenos
Elyvilon
Gozag
Kikubaaqudgha
Okawaru
Ru
Sif Muna
Vehumet
Wu Jian
Zin
The Shining One
Beogh
Jiyva
Lugonu

Shops:
D:4 [   D:10 ?   Orc:2 *[(%   Elf:2 =   Vaults:2 (   Depths:1 :   Depths:5 }=}

Portals:
Hell: Depths:1 Depths:2 Depths:3 Depths:4 Depths:5
Abyss: Depths:3 Depths:4
Pandemonium: Depths:3 Depths:5
Ziggurat: Depths:2

Annotations:
Swamp:2 2 transporters, Keoguots's ghost, adept GnSk
Depths:2 exclusion: 2 obsidian statues
Zot:4 2 transporters, Beclu's ghost, legendary GnSk
Zot:5 3 runed translucent doors, Scypier's ghost, legendary GnSk


Innate Abilities, Weirdness & Mutations

You reflexively headbutt those who attack you in melee.
You have a pair of large horns on your head.
You have sharp toenails.
You can translocate small distances at will.
Scrolls take you longer to read.
Your mind is acute. (Int +2)
You are clumsy. (Dex -2)
Your body sometimes deteriorates upon taking damage.
Your magical capacity is low. (-10% MP)
Your natural rate of healing is unusually fast.
Your spells are a little harder to cast, but a little more powerful.


Message History

There is a stone staircase leading up here.
You climb upwards.
There is a stone staircase leading down here.
Evoke which item? (* to show all) (? for menu, Esc to quit)
Aiming: Dig
Press: ? - help, Shift-Dir - straight line You can't see that place. [a rock wall.]
The rock shatters into small pieces.
You start to feel less resistant.
Your resistance to elements expires.
There is a stone staircase leading up here.
You climb upwards.
There is a stone staircase leading down here.
Okay, then.
You feel protected.
You feel very buoyant.
You fly up into the air.
There is a staircase leading out of the dungeon here.
You have escaped!

#.##.####.......≈......###...#
.###.##.........≈......#...#.##
####.##.#...)..≈≈≈.....#.#.#..#
#............≈≈≈............#
##...........≈≈≈≈≈...........#
#.≈≈≈≈≈≈≈≈≈≈≈≈≈≈≈≈≈≈≈≈≈≈≈≈≈≈≈#
#...≈≈≈≈≈≈≈≈≈.....≈≈≈≈≈≈≈≈≈..###
#.....≈≈≈≈≈≈≈.....≈≈≈≈≈≈≈.....#.
#.......≈≈≈≈...@...≈≈≈≈.........
#.........≈≈.......≈≈.........#.
#.###.....≈≈≈.....≈≈≈.........#.
#.# #.))..≈≈≈≈≈≈≈≈≈≈≈......####.
##.###....≈≈≈≈≈≈.≈≈≈≈≈≈.....# #.
.....#....≈≈≈≈≈...≈≈≈≈≈.....# #.
##.......≈≈≈≈.......≈≈≈≈...## #.
#...#...≈≈...........≈≈...# #.
#.###..≈....###..#.....≈..# #.


There were no monsters in sight!

Vanquished Creatures
  2 pandemonium lords
  3 orbs of fire (Zot:5)
  8 ancient liches
  A juggernaut (Zot:4)
  Sojobo (Vaults:2)
  3 Killer Klowns (Zot:5)
  Xtahua (Vaults:3)
  A curse toe (Zot:2)
  Frederick (Depths:1)
  Saint Roka (Orc:2)
  Jory (Depths:5)
  9 golden dragons
  the Enchantress (Depths:2)
  Nikola (Spider:1)
  Arachne (Spider:3)
  4 bone dragons (Abyss:3)
  An iron giant (shapeshifter) (Elf:3)
  2 electric golems (Zot:5)
  4 liches
  A deep elf blademaster (Elf:3)
  Rupert (D:13)
  15 tentacled monstrosities
  28 Orb Guardians
  2 quicksilver dragons (shapeshifter) (Depths:2)
  4 quicksilver dragons
  2 deep elf master archers (Elf:3)
  The ghost of martbhell the Warrior, an adept MiBe of Trog (Swamp:4)
  5 tentacled starspawn
  A sphinx (Vaults:3)
  12 death cobs
  2 Executioners (Abyss:3)
  Kirke (Swamp:1)
  11 storm dragons
  8 draconian monks
  2 thorn hunters
  Agnes (Elf:1)
  6 tengu reavers
  The ghost of mora the Thaumaturge, an adept GnWr of Ru (Elf:1)
  8 shadow dragons
  A daeva (Depths:2)
  12 ghost moths
  6 frost giants
  8 fire giants
  6 vault wardens
  A ghost moth (shapeshifter) (Depths:2)
  9 deep elf sorcerers
  6 draconian knights
  9 draconian scorchers
  3 emperor scorpions
  An iron dragon (Depths:4)
  3 deep elf elementalists (Elf:3)
  7 draconian shifters
  A cacodemon (D:7)
  Louise (Spider:2)
  7 spriggan defenders
  4 entropy weavers
  7 draconian annihilators
  11 ironheart preservers
  27 very ugly things
  3 draconian stormcallers
  4 war gargoyles (Depths:2)
  2 reapers
  11 stone giants
  4 grey draconians (Zot:4)
  9 vampire knights
  14 green draconians
  8 deep elf demonologists
  2 lorocyprocas (Abyss:3)
  20 red draconians
  3 spark wasps
  10 deep elf annihilators
  Azrael (D:12)
  5 white draconians
  7 yellow draconians
  A minotaur (Gauntlet)
  19 black draconians
  15 purple draconians
  2 eidola (Abyss:3)
  10 crystal guardians (Depths:2)
  2 blizzard demons (Depths:2)
  9 deep elf death magi
  The ghost of Sadonosm the Carver, a journeyman DgSk (Lair:3)
  8 ettins
  Snorg (D:9)
  7 fire dragons
  Josephine (D:12)
  3 green deaths
  5 deep elf high priests
  6 yaktaur captains
  A merfolk impaler (Depths:3)
  6 rakshasas
  7 great orbs of eyes
  Fannar (D:9)
  A naga warrior (Abyss:3)
  2 ghost crabs
  10 ice dragons
  Erolcha (D:10)
  12 hydras
  9 spriggan air magi
  8 centaur warriors
  15 alligators
  A queen ant (Lair:6)
  4 death knights
  9 ogre magi
  A monstrous demonspawn (Depths:5)
  A catoblepas (shapeshifter) (Depths:2)
  8 deep troll earth magi
  24 two-headed ogres
  A two-headed ogre (shapeshifter) (D:15)
  6 tengu warriors
  12 deep troll shamans
  A hell hog (Abyss:3)
  8 death yaks (Lair:6)
  14 thrashing horrors
  8 spriggan berserkers
  50 dancing weapons
  6 vampire magi
  6 soul eaters
  2 hell knights
  3 orc high priests
  2 titan skeletons (Depths:5)
  9 wretched stars
  22 deep elf knights
  31 large abominations
  7 iron trolls
  3 spatial maelstroms (Abyss:3)
  11 skeletal warriors
  6 sixfirhies
  A shadow wraith (Abyss:3)
  4 unseen horrors
  An unseen horror (shapeshifter) (Vaults:3)
  A sea snake (shapeshifter) (Depths:2)
  A golden dragon zombie (Depths:5)
  16 deep trolls
  A shadow demon (Depths:5)
  5 flayed ghosts
  33 starcursed masses
  2 obsidian statues (Depths:2)
  A gelid demonspawn (Depths:3)
  A death drake (shapeshifter) (Depths:2)
  11 glowing orange brains
  A spectral hydra (Swamp:4)
  7 swamp dragons
  An anaconda skeleton (Volcano)
  3 spriggan druids
  A phantasmal warrior (Vaults:1)
  4 necromancers
  7 wizards
  A shadow dragon zombie (Abyss:3)
  14 deep elf archers
  A harpy (shapeshifter) (D:15)
  2 lindwurms (shapeshifter)
  11 ironbrand convokers
  9 orc knights
  An orb spider (shapeshifter) (D:15)
  A harpy (Vaults:4)
  A wolf spider zombie (D:15)
  62 deep elf magi
  A spectral alligator (Swamp:4)
  4 lindwurms (Lair:5)
  A shining eye (Gauntlet)
  An oklob plant (Lair:4)
  9 cyclopes
  25 wolf spiders
  A worldbinder (Abyss:3)
  68 ugly things
  14 orb spiders
  3 orc sorcerers
  A draconian (Zot:4)
  A salamander (Depths:1)
  A toenail golem (Volcano)
  A shining eye (shapeshifter) (Depths:3)
  13 moths of wrath
  Maurice (D:13)
  8 black mambas
  16 elephants
  An ice statue (Gauntlet)
  3 salamanders (shapeshifter)
  A guardian serpent (Abyss:3)
  A naga mage (Abyss:3)
  A centaur zombie (D:11)
  An elephant (shapeshifter) (D:15)
  8 vault sentinels
  7 smoke demons
  An apocalypse crab (Abyss:3)
  3 molten gargoyles
  8 gargoyles
  2 hellions (Depths:1)
  6 orange demons
  A spiny frog (shapeshifter) (Elf:1)
  2 komodo dragons (shapeshifter)
  6 rime drakes
  21 spiny frogs
  43 yaktaurs
  2 kobold demonologists
  An efreet (D:15)
  15 demonic crawlers
  6 komodo dragons
  3 yaktaurs (shapeshifter)
  11 ancient zymes
  7 freezing wraiths
  2 golden dragon simulacra (Abyss:3)
  4 hellwings
  A red devil (Depths:1)
  4 ice devils
  A queen bee (shapeshifter) (Vaults:3)
  A silent spectre (Abyss:3)
  2 tengu conjurers
  2 trolls
  A wind drake (shapeshifter) (Depths:4)
  A harpy zombie (D:15)
  6 polar bears
  26 hornets
  29 blink frogs
  10 bog bodies
  24 tyrant leeches
  A tengu simulacrum (Vaults:3)
  16 jumping spiders
  71 slime creatures
  A dream sheep (Lair:6)
  3 harpy skeletons (Volcano)
  A raiju (shapeshifter) (Depths:2)
  19 raiju
  14 hippogriffs
  A snapping turtle (shapeshifter) (Vaults:4)
  A spriggan zombie (Depths:1)
  A hippogriff (shapeshifter) (Vaults:4)
  A flying skull (Volcano)
  A human simulacrum (Vaults:2)
  18 tarantellas
  14 water elementals
  3 shadows
  2 vampires (D:12)
  Sigmund (D:6)
  5 ynoxinuls
  An alligator skeleton (Volcano)
  A fire dragon skeleton (Depths:1)
  8 wraiths
  44 redbacks
  8 air elementals
  A tarantella (shapeshifter) (D:15)
  A wyvern (D:8)
  A fire bat (shapeshifter) (Depths:4)
  4 fire bats (Abyss:3)
  31 spriggans
  5 hogs (Swamp:1)
  25 yaks
  7 basilisks
  A human (Lair:2)
  A golden eye (shapeshifter) (Depths:5)
  12 fire elementals
  2 hungry ghosts
  13 chaos spawn
  5 neqoxecs
  17 small abominations
  7 spatial vortices
  14 insubstantial wisps
  2 wargs
  28 vampire mosquitoes
  A naga (Abyss:3)
  A swamp worm (shapeshifter) (D:15)
  17 swamp worms
  3 acid dragons
  20 soldier ants
  A soldier ant (shapeshifter) (Vaults:1)
  2 hydra simulacra
  A water moccasin (shapeshifter) (Depths:4)
  2 hell hounds (Orc:2)
  13 water moccasins
  13 porcupines
  4 black bears
  46 orc warriors
  A floating eye (Gauntlet)
  A sky beast (shapeshifter) (Depths:1)
  9 ice beasts
  A phantom (D:4)
  5 swamp drakes
  A sky beast (D:10)
  17 boggarts
  13 centaurs
  2 tengu (shapeshifter)
  31 ogres
  20 wolves
  10 crocodiles
  25 earth elementals
  11 bullfrogs
  A wyvern zombie (D:11)
  A spiny frog simulacrum (Lair:3)
  A wyvern skeleton (D:15)
  A deep troll simulacrum (Vaults:2)
  3 scorpions
  A dream sheep simulacrum (Lair:3)
  An elf simulacrum (Vaults:3)
  An orc simulacrum (Vaults:2)
  An elephant simulacrum (Lair:3)
  10 killer bees
  3 spriggan skeletons
  2 troll skeletons (Volcano)
  7 wights
  3 howler monkeys
  9 electric eels
  9 crimson imps
  A hippogriff simulacrum (Lair:3)
  5 quasits
  A bullfrog zombie (D:6)
  16 orc priests
  2 hounds
  4 centaur skeletons
  3 bullfrog skeletons
  10 jellies
  4 iguanas
  An iron imp (Abyss:3)
  23 orc wizards
  28 worker ants
  2 killer bee zombies
  2 basilisk simulacra (Lair:3)
  2 naga skeletons (Volcano)
  2 hound zombies
  A hound skeleton (D:6)
  3 worker ant zombies
  7 gnolls
  2 howler monkey skeletons (D:6)
  10 adders
  2 shadow imps
  4 white imps
  4 ufetubi
  17 oozes
  2 adder zombies
  2 adder skeletons
  9 worms
  3 ball lightnings
  2 leopard geckos
  97 orcs
  3 bats (D:1)
  5 giant cockroaches
  7 goblins
  13 hobgoblins
  9 jackals
  6 kobolds
  2 ball pythons
  4 frilled lizards
  A quokka skeleton (D:4)
  A quokka zombie (D:9)
  5 rats
  12 briar patches (Swamp:3)
  A bush (Abyss:1)
  2 crawling corpses (Vaults:1)
  5 fungi
  2 starspawn tentacles
2546 creatures vanquished.

Vanquished Creatures (collateral kills)
  An ancient lich (Zot:5)
  2 tentacled monstrosities (Zot:2)
  An iron dragon (Depths:4)
  A vault warden (Vaults:4)
  A frost giant (Depths:4)
  An ironheart preserver (Vaults:2)
  A stone giant (Vaults:4)
  A yellow draconian (Zot:2)
  A green death (Abyss:3)
  A great orb of eyes (Depths:4)
  A catoblepas (D:13)
  3 ogre magi (Vaults:2)
  5 two-headed ogres (Vaults:2)
  A spriggan berserker (Depths:4)
  2 starcursed masses (Abyss:3)
  A thrashing horror (Abyss:3)
  The ghost of Unholydonuts the Destroyer, a novice DEFE of Vehumet (D:11)
  2 deep elf archers
  An orc knight (Vaults:2)
  A deep elf mage (Vaults:4)
  A wolf spider (Vaults:2)
  A worldbinder (Abyss:3)
  An elephant (Lair:6)
  A cyclops (D:13)
  A vault sentinel (Vaults:3)
  3 demonic crawlers (Spider:2)
  4 yaktaurs (Vaults:4)
  A raiju (Abyss:3)
  A redback (Spider:2)
  A basilisk (D:13)
  An orc warrior (Vaults:2)
  6 ogres (Vaults:2)
  A bullfrog (D:10)
  A bullfrog skeleton (D:10)
  2 small abominations (Abyss:3)
  An orc (Vaults:2)
56 creatures vanquished.

Vanquished Creatures (others)
  A draconian knight (Zot:2)
  A deep elf demonologist (Elf:1)
  A deep elf high priest (Elf:3)
  A centaur warrior (Vaults:2)
  A deep elf knight (Elf:1)
  A wizard (Depths:1)
  A moth of wrath (Zot:3)
  A yaktaur (Vaults:4)
  A wind drake (Depths:2)
  A hornet (Depths:4)
  2 flying skulls (Volcano)
  A spriggan (Depths:4)
  A white imp (Abyss:3)
  8 ball lightnings (Depths:2)
  A jackal (D:1)
  A bush (Lair:5)
  12 fungi
  4 plants
  17 starspawn tentacles
  3 withered plants (Gauntlet)
60 creatures vanquished.

Grand Total: 2662 creatures vanquished

Notes
Turn   | Place    | Note
-------+----------+-------------------------------------------
     0 | D:1      | martbhell the Minotaur Berserker began the quest for the
                  | Orb.
     0 | D:1      | Reached XP level 1. HP: 19/19 MP: 0/0
    33 | D:1      | Reached XP level 2. HP: 24/27 MP: 1/1
   104 | D:1      | You fall through a shaft!
   404 | D:2      | Found an ornate altar of the Wu Jian Council.
   404 | D:2      | Found a glowing golden altar of the Shining One.
   486 | D:2      | Found a sacrificial altar of Ru.
   499 | D:2      | Reached XP level 3. HP: 27/34 MP: 2/2
   724 | D:2      | Found a shadowy altar of Dithmenos.
   794 | D:2      | Found an ancient bone altar of Kikubaaqudgha.
   794 | D:2      | Found an opulent altar of Gozag.
   794 | D:2      | Found a radiant altar of Vehumet.
   801 | D:1      | Reached ** piety under Trog
   888 | D:1      | Reached XP level 4. HP: 27/41 MP: 3/3
  1757 | D:3      | Found an iron altar of Okawaru.
  1838 | D:3      | You fall through a shaft for 3 floors!
  1845 | D:6      | Reached skill level 5 in Axes
  1847 | D:6      | Reached XP level 5. HP: 35/47 MP: 4/4
  1864 | D:5      | Entered Level 5 of the Dungeon
  2049 | D:5      | Reached skill level 5 in Fighting
  2137 | D:5      | Found a staircase to the Ecumenical Temple.
  2214 | D:4      | Reached *** piety under Trog
  2311 | D:4      | Noticed a phantom
  2347 | D:4      | Killed a phantom
  2347 | D:4      | Reached XP level 6. HP: 56/56 MP: 5/5
  2442 | D:4      | Found Iqiemext's Armour Boutique.
  3353 | D:4      | Reached XP level 7. HP: 41/63 MP: 6/6
  3705 | D:5      | Found a transporter.
  3728 | D:5      | Found a transporter.
  3948 | D:5      | Reached skill level 5 in Armour
  4570 | D:6      | Reached skill level 1 in Shields
  4587 | D:6      | Reached XP level 8. HP: 54/73 MP: 7/7
  4657 | D:6      | Reached **** piety under Trog
  4882 | D:6      | Found a deep blue altar of Sif Muna.
  4911 | D:6      | Noticed Sigmund
  4917 | D:6      | Killed Sigmund
  4917 | D:6      | Reached skill level 5 in Dodging
  4970 | D:6      | Found a white marble altar of Elyvilon.
  5454 | D:7      | Noticed a hippogriff
  5465 | D:7      | Killed a hippogriff
  5465 | D:7      | Reached XP level 9. HP: 51/82 MP: 8/8
  5684 | D:7      | Found a glowing silver altar of Zin.
  5946 | D:8      | Found a staircase to the Lair.
  6489 | D:8      | Reached skill level 10 in Fighting
  6876 | D:9      | Reached XP level 10. HP: 84/94 MP: 9/9
  7521 | D:10     | Entered Level 10 of the Dungeon
  7521 | D:10     | Noticed Fannar
  7530 | D:9      | Killed Fannar
  7530 | D:9      | Reached skill level 10 in Armour
  7551 | D:10     | Noticed Erolcha
  7638 | D:10     | Noticed Snorg
  7654 | D:9      | Killed Snorg
  8015 | D:10     | Noticed a two-headed ogre
  8027 | D:10     | Killed a two-headed ogre
  8169 | D:10     | Killed Erolcha
  8169 | D:10     | Reached XP level 11. HP: 104/104 MP: 10/10
  8256 | D:10     | Found Cydios's Magic Scroll Boutique.
  8259 | D:10     | Bought a scroll of remove curse for 36 gold pieces
  8259 | D:10     | Bought a scroll of identify for 24 gold pieces
  8259 | D:10     | Bought a scroll of identify for 24 gold pieces
  8259 | D:10     | Bought a scroll of holy word for 90 gold pieces
  8415 | D:11     | Found a runed translucent door.
  8415 | D:11     | Noticed Unholydonuts's ghost (novice DEFE)
  8428 | D:11     | Killed Unholydonuts's ghost
  8491 | D:11     | Reached skill level 10 in Axes
  8599 | D:11     | Found a gate leading to a gauntlet.
  8601 | D:11     | Got an encrusted hand crossbow
  8659 | Gauntlet | Entered a Gauntlet
  8659 | Gauntlet | Found a transporter.
  8659 | Gauntlet | Found a transporter.
  8659 | Gauntlet | Found a transporter.
  8659 | Gauntlet | Noticed an orange crystal statue
  8660 | Gauntlet | Found a transporter.
  8663 | Gauntlet | Found a transporter.
  8673 | Gauntlet | Found a transporter.
  8673 | Gauntlet | Noticed a shining eye
  8679 | Gauntlet | Found a transporter.
  8688 | Gauntlet | Found a transporter.
  8694 | Gauntlet | Found a transporter.
  8711 | Gauntlet | Found a transporter.
  8719 | Gauntlet | Found a transporter.
  8765 | Gauntlet | Found a transporter.
  9199 | Gauntlet | Gained mutation: You are clumsy. (Dex -2) [a shining eye]
  9202 | Gauntlet | Gained mutation: Scrolls take you a little longer to read.
                  | [a shining eye]
  9203 | Gauntlet | Killed a shining eye
  9204 | Gauntlet | Paralysed by a floating eye for 2 turns
  9210 | Gauntlet | Paralysed by a floating eye for 4 turns
  9249 | Gauntlet | Noticed a minotaur
  9261 | Gauntlet | Killed a minotaur
  9773 | D:11     | Killed an unseen horror
 10064 | D:11     | Found a staircase to the Orcish Mines.
 10518 | Lair:1   | Entered Level 1 of the Lair of Beasts
 10541 | D:8      | Reached ***** piety under Trog
 10549 | D:8      | Reached skill level 1 in Throwing
 10856 | Lair:1   | Reached XP level 12. HP: 103/116 MP: 11/11
 10916 | Lair:1   | Reached skill level 1 in Evocations
 10952 | Lair:1   | Noticed a seven-headed hydra
 10966 | Lair:1   | Killed a seven-headed hydra
 11706 | Lair:1   | Lost mutation: You are clumsy. (Dex -2) [potion of
                  | mutation]
 11706 | Lair:1   | Lost mutation: Scrolls take you a little longer to read.
                  | [potion of mutation]
 11706 | Lair:1   | Gained mutation: You are weak. (Str -2) [potion of
                  | mutation]
 11706 | Lair:1   | Gained mutation: You are resistant to hostile enchantments.
                  | (MR+) [potion of mutation]
 11706 | Lair:1   | Gained mutation: Your spells are a little harder to cast,
                  | but a little more powerful. [potion of mutation]
 12699 | Lair:2   | Noticed a four-headed hydra
 12710 | Lair:2   | Killed a four-headed hydra
 13270 | Lair:2   | Noticed an eight-headed hydra
 13274 | Lair:2   | Killed an eight-headed hydra
 13421 | Lair:2   | Noticed an alligator
 13431 | Lair:2   | Killed an alligator
 13615 | Lair:2   | Reached XP level 13. HP: 125/125 MP: 13/13
 13640 | Lair:2   | Identified the +5 hand crossbow of the Turnip {elec, rN+
                  | Int+3} (You found it on level 11 of the Dungeon)
 14038 | Lair:3   | Found a runed translucent gate.
 14038 | Lair:3   | Found a runed translucent gate.
 14038 | Lair:3   | Found a runed translucent gate.
 14077 | Lair:3   | Reached skill level 15 in Armour
 14138 | Lair:3   | Identified the amulet "Hetadytiub" {RegenMP Str+3 Int+2}
 14713 | Lair:3   | Found a staircase to the Swamp.
 14929 | Lair:3   | Noticed Sadonosm's ghost (journeyman DgSk)
 14987 | Lair:4   | Received a gift from Trog
 15126 | Lair:4   | Reached skill level 15 in Fighting
 15321 | Lair:4   | Found a hole to the Spider Nest.
 16152 | Lair:5   | Received a gift from Trog
 16770 | Lair:5   | Identified 2 scrolls of acquirement
 16851 | Lair:5   | Got a sapphire-encrusted plate armour
 16862 | Lair:5   | Identified the +7 plate armour of Upis {Regen+ Str-5 SInv}
                  | (You found it on level 5 of the Lair of Beasts)
 16894 | Lair:5   | Got a distressingly furry plate armour
 16906 | Lair:5   | Identified the +1 plate armour "Uduosaish" {rF+ Dex+2} (You
                  | found it on level 5 of the Lair of Beasts)
 16953 | Lair:6   | Entered Level 6 of the Lair of Beasts
 17156 | Lair:6   | Found a viscous altar of Jiyva.
 17317 | Lair:6   | Reached XP level 14. HP: 135/135 MP: 14/14
 17369 | Lair:6   | Reached skill level 15 in Axes
 17542 | Lair:6   | Reached ****** piety under Trog
 17699 | Lair:6   | Received a gift from Trog
 17937 | Lair:6   | Noticed an entropy weaver
 17937 | Lair:6   | Noticed an entropy weaver
 18050 | Lair:6   | Killed an entropy weaver
 18277 | Lair:6   | Found a staircase to the Slime Pits.
 18986 | Lair:3   | Received a gift from Trog
 19037 | Lair:3   | Killed Sadonosm's ghost
 19337 | D:12     | Noticed Josephine
 19490 | D:12     | Killed Josephine
 19642 | D:12     | Noticed Azrael
 19651 | D:12     | Killed Azrael
 19662 | D:12     | Reached XP level 15. HP: 79/145 MP: 15/15
 19982 | D:12     | Found the +12 Vampire's Tooth {vamp}
 20248 | Orc:1    | Entered Level 1 of the Orcish Mines
 20446 | Orc:2    | Entered Level 2 of the Orcish Mines
 20489 | Orc:2    | Received a gift from Trog
 20497 | Orc:2    | Found a dark tunnel.
 20508 | Volcano  | Entered a volcano
 20894 | Orc:2    | Found a roughly hewn altar of Beogh.
 20942 | Orc:2    | Found a staircase to the Elven Halls.
 21092 | Orc:2    | Found a roughly hewn altar of Beogh.
 21238 | Orc:2    | Found a roughly hewn altar of Beogh.
 21265 | Orc:2    | Found a roughly hewn altar of Beogh.
 21270 | Orc:2    | Received a gift from Trog
 21307 | Orc:2    | Found a roughly hewn altar of Beogh.
 21486 | Orc:2    | Noticed Saint Roka
 21490 | Orc:2    | Received a gift from Trog
 21540 | Orc:2    | Found a roughly hewn altar of Beogh.
 21542 | Orc:2    | Found Watoe's Assorted Antiques.
 21557 | Orc:2    | Bought a potion of curing for 81 gold pieces
 21557 | Orc:2    | Bought a peridot ring for 135 gold pieces
 21557 | Orc:2    | Bought a scroll of identify for 54 gold pieces
 21606 | Orc:2    | Killed Saint Roka
 21624 | Orc:2    | Found Pyruh Xasov's Antique Weapon Emporium.
 21636 | Orc:2    | Found Mostig's Antique Armour Shoppe.
 21637 | Orc:2    | Found a roughly hewn altar of Beogh.
 21651 | Orc:2    | Bought a spiked cloak for 218 gold pieces
 21661 | Orc:2    | Identified the +2 cloak of Kindness {Stlth+} (You bought it
                  | in a shop on level 2 of the Orcish Mines)
 21899 | Orc:2    | Found a roughly hewn altar of Beogh.
 21927 | Orc:2    | Found Zifygi's Food Boutique.
 22027 | Orc:2    | Found a roughly hewn altar of Beogh.
 22049 | Orc:2    | Found a roughly hewn altar of Beogh.
 22223 | D:13     | Noticed Rupert
 22233 | D:13     | Killed Rupert
 22299 | D:13     | Noticed Maurice
 22302 | D:13     | Killed Maurice
 22771 | D:13     | Received a gift from Trog
 23198 | D:14     | Found a snail-covered altar of Cheibriados.
 23632 | D:14     | Found a gate to the Vaults.
 23798 | D:15     | Entered Level 15 of the Dungeon
 24538 | D:15     | Reached XP level 16. HP: 152/155 MP: 5/16
 24676 | D:15     | Received a gift from Trog
 24867 | D:15     | Found a staircase to the Depths.
 25150 | Swamp:1  | Entered Level 1 of the Swamp
 25314 | Swamp:1  | Noticed Kirke
 25338 | Swamp:1  | Killed Kirke
 26629 | Swamp:2  | Received a gift from Trog
 26663 | Swamp:2  | Found a transporter.
 26667 | Swamp:2  | Noticed Keoguots's ghost (adept GnSk)
 26732 | Swamp:2  | Found a transporter.
 26997 | Swamp:3  | Received a gift from Trog
 27503 | Swamp:3  | Received a gift from Trog
 28221 | Swamp:3  | Noticed a thorn hunter
 28238 | Swamp:3  | Killed a thorn hunter
 28598 | Swamp:4  | Entered Level 4 of the Swamp
 28598 | Swamp:4  | Noticed a thorn hunter
 28610 | Swamp:4  | Killed a thorn hunter
 28610 | Swamp:4  | Received a gift from Trog
 28974 | Swamp:4  | Found a transporter.
 28981 | Swamp:4  | Found a transporter.
 28981 | Swamp:4  | Noticed martbhell's ghost (adept MiBe)
 29637 | Swamp:4  | Reached XP level 17. HP: 165/165 MP: 5/17
 29683 | Swamp:4  | Received a gift from Trog
 30670 | Swamp:4  | Noticed a tentacled monstrosity
 30686 | Swamp:4  | Killed a tentacled monstrosity
 30828 | Swamp:4  | Got a decaying rune of Zot
 31148 | Spider:1 | Entered Level 1 of the Spider Nest
 31631 | Spider:1 | Received a gift from Trog
 32460 | Spider:2 | Noticed Nikola
 32624 | Spider:2 | Noticed Louise
 32836 | Spider:1 | Killed Nikola
 33218 | Spider:2 | Cast into level 3 of the Abyss (Louise)
 33303 | Spider:2 | Escaped the Abyss
 33387 | Spider:2 | Killed Louise
 33388 | Spider:2 | Received a gift from Trog
 34137 | Spider:3 | Noticed Arachne
 34162 | Spider:3 | Killed Arachne
 34835 | Spider:4 | Entered Level 4 of the Spider Nest
 35073 | Spider:4 | Received a gift from Trog
 35323 | Spider:4 | Identified the cursed +0 chain mail of Xooxkoq {Int+4} (You
                  | found it on level 4 of the Spider Nest)
 35363 | Spider:4 | Reached XP level 18. HP: 161/172 MP: 6/18
 36632 | Spider:4 | Received a gift from Trog
 36679 | Spider:4 | Got a gossamer rune of Zot
 37224 | Vaults:1 | Entered Level 1 of the Vaults
 38920 | Vaults:1 | Identified Lee's Collected Works on Attacks and Earth
 39086 | Vaults:2 | Found Aqiom's Antique Weapon Shop.
 39310 | Vaults:2 | Received a gift from Trog
 39357 | Vaults:2 | Identified the Compendium of Twisted Poison
 39390 | Vaults:2 | Noticed Sojobo
 39417 | Vaults:2 | Killed Sojobo
 39899 | Vaults:2 | Reached XP level 19. HP: 109/179 MP: 6/19
 39949 | Vaults:2 | Received a gift from Trog
 41070 | Vaults:2 | Reached skill level 10 in Dodging
 41547 | Vaults:3 | Found a portal to a secret trove of treasure.
 41554 | Vaults:3 | You paid a toll of 2 scrolls of acquirement to enter a
                  | treasure trove
 41555 | Trove    | Entered a treasure trove
 41566 | Trove    | Got a fine graven amulet
 41585 | Trove    | Identified the amulet "Geonipp" {Reflect rElec Str+3 SH+3}
                  | (You found it in a treasure trove)
 41587 | Trove    | Identified the amulet of Patiur {rF+ rN++ Regen+} (You
                  | found it in a treasure trove)
 41589 | Trove    | Identified the cursed ring of Doubts {MR+ Str-5 Dex+3} (You
                  | found it in a treasure trove)
 41594 | Trove    | Identified the ring "Kugus" {rElec rC+ Slay+1} (You found
                  | it in a treasure trove)
 41598 | Trove    | Identified the ring of Moasem {rF++ Int+2 Dex-2 SInv
                  | Stlth+} (You found it in a treasure trove)
 41634 | Trove    | Got an ancient platinum amulet
 41660 | Trove    | Got a brightly glowing jade amulet
 41661 | Trove    | Identified the amulet "Igiteak" {Harm *Drain rF+ rN+ Dex+4
                  | Stlth-} (You found it in a treasure trove)
 41669 | Trove    | Identified the amulet "Enion" {Harm *Drain *Slow rN++ Str+4
                  | Stlth+} (You found it in a treasure trove)
 41757 | Vaults:3 | Noticed Xtahua
 42056 | Vaults:3 | Killed Xtahua
 42271 | Vaults:3 | Found a staircase to the Crypt.
 42958 | Vaults:4 | Received a gift from Trog
 43499 | Vaults:4 | Reached XP level 20. HP: 188/191 MP: 20/20
 43876 | Vaults:4 | Received a gift from Trog
 44436 | Swamp:4  | Killed martbhell's ghost
 44785 | Elf:1    | Entered Level 1 of the Elven Halls
 45240 | Elf:1    | Noticed Agnes
 45250 | Elf:1    | Killed Agnes
 45489 | Elf:1    | Received a gift from Trog
 45503 | Elf:1    | Found a runed translucent gate.
 45503 | Elf:1    | Found a runed translucent gate.
 45504 | Elf:1    | Found a runed translucent gate.
 45507 | Elf:1    | Noticed mora's ghost (adept GnWr)
 45562 | Elf:1    | Killed mora's ghost
 45575 | Elf:1    | Identified the +5 broad axe of Blind Justice {flame, rC+
                  | Str-2 Dex+5}
 45612 | Elf:1    | Identified the amulet "Cixaf" {Reflect rElec rF- rC++
                  | Slay+4 SH+3} (You found it on level 1 of the Elven Halls)
 45716 | Elf:1    | Got a smoking turquoise ring
 45718 | Elf:1    | Identified the ring "Ugitzual" {rF+ Stlth+} (You found it
                  | on level 1 of the Elven Halls)
 46015 | Elf:2    | Found Ruluex's Jewellery Shop.
 46208 | Elf:2    | Identified the +6 quarterstaff "Vaen" {speed, rF+}
 46362 | Elf:2    | Found an ancient bone altar of Kikubaaqudgha.
 46495 | Elf:2    | Found a runed translucent gate.
 46495 | Elf:2    | Found a runed translucent gate.
 46495 | Elf:2    | Found a runed translucent gate.
 46618 | Elf:2    | Reached skill level 15 in Dodging
 46622 | Elf:2    | Received a gift from Trog
 46912 | Elf:3    | Entered Level 3 of the Elven Halls
 46972 | Elf:3    | Noticed a caustic shrike
 46972 | Elf:3    | a sphinx changed into a caustic shrike
 46976 | Elf:3    | a caustic shrike changed into an acid blob
 47020 | Elf:3    | Found a radiant altar of Vehumet.
 47126 | Elf:3    | Reached XP level 21. HP: 202/202 MP: 21/21
 47161 | Elf:3    | Received a gift from Trog
 47250 | Elf:3    | Cast into level 3 of the Abyss (a deep elf sorcerer)
 47250 | Abyss:3  | Found a corrupted altar of Lugonu.
 47256 | Abyss:3  | Got a pair of dazzling gloves
 47650 | Abyss:3  | Paralysed by a chaos spawn for 2 turns
 47716 | Elf:3    | Escaped the Abyss
 47980 | Elf:3    | Identified the +8 falchion of Ascent {slice, +Fly}
 47982 | Elf:3    | Identified the cursed +0 plate armour of Loss {*Corrode
                  | rElec rPois}
 47985 | Elf:3    | Identified the +6 scimitar "Death Rattle" {slice, *Noise
                  | MP+9 Dex+8}
 48634 | Elf:3    | Received a gift from Trog
 48881 | Elf:3    | Identified the +2 pair of gloves of Tender Moments {rElec}
                  | (You found it on level 3 of the Abyss)
 49633 | Depths:1 | Entered Level 1 of the Depths
 49985 | Depths:1 | Found Yris's One-of-a-Kind Books.
 50072 | Depths:1 | Received a gift from Trog
 50078 | Depths:1 | Reached XP level 22. HP: 222/222 MP: 22/22
 50162 | Depths:1 | Noticed Frederick
 50193 | Depths:1 | Killed Frederick
 50209 | Depths:1 | Received a gift from Trog
 50408 | Depths:1 | Found a gateway to Hell.
 50529 | Depths:1 | Found a corrupted altar of Lugonu.
 51064 | Depths:2 | Identified the +7 faerie dragon scales {*Contam MR+ rCorr
                  | Str+5 Dex-3}
 51064 | Depths:2 | Noticed the Enchantress
 51551 | Depths:2 | Identified the cursed +3 battleaxe of Gedidgh {freeze,
                  | +Blink rPois rN++ MR-} (You found it on level 2 of the
                  | Depths)
 51723 | Depths:2 | Received a gift from Trog
 51757 | Depths:2 | Identified the Almanac of Supportive Snow
 51759 | Depths:2 | Got a smoking lead ring
 51763 | Depths:2 | Identified the ring of the Original Sin {rF+ MR+} (You
                  | found it on level 2 of the Depths)
 51843 | Depths:2 | Got a clouded iron ring
 51844 | Depths:2 | Identified the ring "Meozoph" {rPois Int+4 Stlth+} (You
                  | found it on level 2 of the Depths)
 51872 | Depths:2 | Cast into level 3 of the Abyss (the Enchantress)
 52052 | Depths:2 | Escaped the Abyss
 52056 | Depths:2 | Killed the Enchantress
 52130 | Depths:2 | You fall through a shaft!
 52677 | Depths:2 | Reached XP level 23. HP: 182/239 MP: 23/23
 52696 | Depths:2 | Found a gateway to a ziggurat.
 53011 | Depths:3 | Received a gift from Trog
 53239 | Depths:3 | Reached skill level 27 in Fighting
 53298 | Depths:3 | Found a one-way gate to the infinite horrors of the Abyss.
 53432 | Depths:3 | Found a one-way gate leading to the halls of Pandemonium.
 53546 | Depths:3 | Received a gift from Trog
 54050 | Depths:4 | Found a glowing golden altar of the Shining One.
 54400 | Depths:4 | HP: 12/240 [spriggan berserker/+0 quarterstaff (17)]
 54822 | Depths:4 | Received a gift from Trog
 54846 | Depths:5 | Entered Level 5 of the Depths
 54980 | Depths:5 | Noticed Jory
 54991 | Depths:5 | Killed Jory
 54997 | Depths:5 | Noticed an ancient lich
 55012 | Depths:5 | Killed an ancient lich
 55018 | Depths:5 | Reached XP level 24. HP: 151/249 MP: 23/23
 55309 | Depths:5 | Received a gift from Trog
 55429 | Depths:5 | Found a gate to the Realm of Zot.
 55476 | Depths:5 | Identified the +1 scale mail of Ashenzari's Esteem {rF+}
                  | (You found it on level 5 of the Depths)
 55731 | Depths:5 | Found Vacwuet's Jewellery Boutique.
 55732 | Depths:5 | Found Qitu's Gadget Emporium.
 55732 | Depths:5 | Found Sifaudan's Gadget Emporium.
 57021 | Depths:4 | Voluntarily entered the Abyss.
 57154 | Abyss:2  | Received a gift from Trog
 57295 | Abyss:2  | Reached skill level 5 in Evocations
 57301 | Abyss:2  | Gained mutation: You are frail. (-10% HP) [a neqoxec]
 57306 | Abyss:2  | Gained mutation: Armour fits poorly on your strangely
                  | shaped body. [a neqoxec]
 57469 | Abyss:3  | Found a corrupted altar of Lugonu.
 57572 | Abyss:3  | Paralysed by accursed screaming for 2 turns
 57581 | Abyss:3  | Received a gift from Trog
 57651 | Abyss:3  | Paralysed by accursed screaming for 1 turns
 57657 | Abyss:3  | Paralysed by accursed screaming for 1 turns
 57665 | Abyss:3  | Paralysed by accursed screaming for 1 turns
 57904 | Abyss:3  | Found a corrupted altar of Lugonu.
 58056 | Abyss:3  | Paralysed by you for 3 turns
 58064 | Abyss:3  | Received a gift from Trog
 58117 | Abyss:3  | Found a corrupted altar of Lugonu.
 58144 | Abyss:3  | Got an abyssal rune of Zot
 58257 | Abyss:3  | Gained mutation: You have supernaturally acute eyesight.
                  | (SInv) [a neqoxec]
 58305 | Abyss:3  | Gained mutation: You tend to lose your temper in combat. [a
                  | neqoxec]
 58325 | Abyss:3  | Reached XP level 25. HP: 179/231 MP: 26/26
 58411 | Depths:4 | Escaped the Abyss
 58412 | Depths:4 | Lost mutation: You are resistant to hostile enchantments.
                  | (MR+) [potion of mutation]
 58412 | Depths:4 | Lost mutation: You have supernaturally acute eyesight.
                  | (SInv) [potion of mutation]
 58412 | Depths:4 | Lost mutation: You are weak. (Str -2) [potion of mutation]
 58412 | Depths:4 | Lost mutation: You are frail. (-10% HP) [potion of
                  | mutation]
 58412 | Depths:4 | Gained mutation: You can translocate small distances at
                  | will. [potion of mutation]
 58413 | Depths:4 | Lost mutation: Armour fits poorly on your strangely shaped
                  | body. [potion of mutation]
 58413 | Depths:4 | Gained mutation: Your natural rate of healing is unusually
                  | fast. [potion of mutation]
 58413 | Depths:4 | Gained mutation: You have sharp toenails. [potion of
                  | mutation]
 58417 | Depths:4 | Found the +0 pair of fencer's gloves {Riposte Dex+3}
 58508 | Zot:1    | Entered Level 1 of the Realm of Zot
 58861 | Orc:2    | Bought a potion of heal wounds for 135 gold pieces
 58983 | D:10     | Bought a scroll of fear for 42 gold pieces
 58983 | D:10     | Bought a scroll of magic mapping for 42 gold pieces
 58983 | D:10     | Bought a scroll of silence for 90 gold pieces
 58983 | D:10     | Bought a scroll of identify for 24 gold pieces
 59477 | Zot:1    | You fall through a shaft!
 59487 | Zot:2    | Received a gift from Trog
 60788 | Zot:3    | Received a gift from Trog
 61013 | Zot:3    | Reached XP level 26. HP: 266/266 MP: 26/26
 61018 | Zot:3    | Reached skill level 27 in Armour
 61293 | Zot:4    | Noticed a juggernaut
 61305 | Zot:4    | Killed a juggernaut
 61583 | Zot:4    | Identified the +8 hand axe "Fel Mocu" {pain, Str+2 Dex+6}
                  | (You found it on level 4 of the Realm of Zot)
 61802 | Zot:4    | Reached skill level 10 in Evocations
 61811 | Zot:4    | Reached skill level 5 in Throwing
 61844 | Zot:4    | Found a transporter.
 61847 | Zot:4    | Noticed Beclu's ghost (legendary GnSk)
 61867 | Zot:4    | Found a transporter.
 62078 | Zot:5    | Entered Level 5 of the Realm of Zot
 62314 | Zot:5    | Found a runed translucent gate.
 62314 | Zot:5    | Found a runed translucent gate.
 62314 | Zot:5    | Found a runed translucent gate.
 62317 | Zot:5    | Noticed Scypier's ghost (legendary GnSk)
 62320 | Zot:5    | Identified the +6 trident "Anuarhab" {protect, rF+ Dex+3
                  | SInv}
 62408 | Zot:5    | Received a gift from Trog
 62626 | Zot:5    | Noticed an ancient lich
 62642 | Zot:5    | Killed an ancient lich
 62688 | Zot:5    | Noticed an orb of fire
 62692 | Zot:5    | Gained mutation: Your body sometimes deteriorates upon
                  | taking damage. [an orb of fire]
 62696 | Zot:5    | Noticed an orb of fire
 62700 | Zot:5    | Killed an orb of fire
 62713 | Zot:5    | Gained mutation: You are dopey. (Int -2) [an orb of fire]
 62722 | Zot:5    | Killed an orb of fire
 62722 | Zot:5    | Reached XP level 27. HP: 254/273 MP: 31/31
 62732 | Zot:5    | Reached skill level 10 in Throwing
 62752 | Zot:5    | Received a gift from Trog
 62828 | Zot:5    | Noticed an ancient lich
 62840 | Zot:5    | Killed an ancient lich
 62932 | Zot:5    | Noticed an orb of fire
 62941 | Zot:5    | Noticed an ancient lich
 62942 | Zot:5    | Gained mutation: Your magical capacity is low. (-10% MP)
                  | [an orb of fire]
 62946 | Zot:5    | Gained mutation: You are clumsy. (Dex -2) [an orb of fire]
 62946 | Zot:5    | Noticed an ancient lich
 62949 | Zot:5    | Noticed an ancient lich
 62952 | Zot:5    | Killed an orb of fire
 62953 | Zot:5    | Received a gift from Trog
 62954 | Zot:5    | Noticed an ancient lich
 62957 | Zot:5    | Noticed an ancient lich
 62958 | Zot:5    | Noticed an ancient lich
 62965 | Zot:5    | Killed an ancient lich
 62969 | Zot:5    | HP: 13/273 [ancient lich/bolt of lightning (11)]
 63226 | Zot:5    | Lost mutation: You are dopey. (Int -2) [potion of mutation]
 63226 | Zot:5    | Lost mutation: You tend to lose your temper in combat.
                  | [potion of mutation]
 63226 | Zot:5    | Lost mutation: Your body sometimes deteriorates upon taking
                  | damage. [potion of mutation]
 63226 | Zot:5    | Gained mutation: You have a pair of large horns on your
                  | head. [potion of mutation]
 63226 | Zot:5    | Gained mutation: Your mind is acute. (Int +2) [potion of
                  | mutation]
 63317 | Zot:5    | Killed an ancient lich
 63331 | Zot:5    | Killed an ancient lich
 63354 | Zot:5    | Killed an ancient lich
 63364 | Zot:5    | Killed an ancient lich
 63461 | Zot:5    | Killed an ancient lich
 63685 | Zot:5    | Got the Orb of Zot
 63706 | Zot:5    | Noticed Osaid the pandemonium lord
 63790 | Zot:4    | Killed Osaid the pandemonium lord
 63790 | Zot:4    | Reached skill level 15 in Evocations
 64028 | Depths:3 | Gained mutation: Scrolls take you a little longer to read.
                  | [a neqoxec]
 64245 | D:12     | Gained mutation: Your body sometimes deteriorates upon
                  | taking damage. [a cacodemon]
 64271 | D:10     | Noticed Mareb the pandemonium lord
 64283 | D:9      | Killed Mareb the pandemonium lord
 64314 | D:7      | Gained mutation: Scrolls take you longer to read. [a
                  | cacodemon]
 64457 | D:$      | Escaped with the Orb!

Skill      XL: |  1  2  3  4  5  6  7  8  9 10 11 12 13 14 15 16 17 18 19 20 21 22 23 24 25 26 27 |
---------------+----------------------------------------------------------------------------------+-----
Fighting       | 4 5 6 7 8 10 12 13 14 15 16 17 18 19 20 23 26 27 | 27.0
Axes           | 4 5 6 7 8 9 10 12 14 16 18 20 23 25 26 | 26.0
Armour         | 3 4 5 7 9 11 13 14 16 18 19 20 21 23 26 27 | 27.0
Dodging        | 3 4 5 6 7 8 12 15 16 22 23 | 23.0
Shields        | 1 2 |  2.1
Throwing       | 1 9 14 | 14.2
Evocations     | 2 6 12 15 | 15.3

Action                   |  1- 3 |  4- 6 |  7- 9 | 10-12 | 13-15 | 16-18 | 19-21 | 22-24 | 25-27 || total
-------------------------+-------+-------+-------+-------+-------+-------+-------+-------+-------++-------
Melee: Hand axe          |    77 |   142 |   259 |       |       |       |       |       |       ||   478
       Headbutt          |     8 |    32 |    82 |   111 |   208 |   292 |   296 |   359 |   270 ||  1658
       War axe           |       |       |    59 |   450 |   646 |       |       |       |       ||  1155
       Flail             |       |       |       |    17 |    11 |       |       |       |       ||    28
       Battleaxe         |       |       |       |       |     8 |       |       |       |       ||     8
       Broad axe         |       |       |       |       |   344 |  1189 |    88 |       |       ||  1621
       Executioner's axe |       |       |       |       |       |       |  1138 |  1415 |   728 ||  3281
 Fire: Hand crossbow     |       |       |       |       |   469 |   591 |       |       |       ||  1060
Throw: Javelin           |       |     3 |     1 |   114 |    99 |    40 |    90 |    12 |       ||   359
       Tomahawk          |       |     1 |       |    12 |       |    19 |    35 |    57 |    65 ||   189
Invok: Berserk           |     2 |     2 |     4 |    11 |    15 |    10 |     2 |     4 |     3 ||    53
       Trog's Hand       |       |       |     3 |     7 |     7 |    13 |     9 |     8 |    16 ||    63
       Brothers in Arms  |       |       |       |     2 |     3 |     2 |     7 |     3 |     4 ||    21
Evoke: Wand              |       |     3 |       |    16 |    32 |     5 |    24 |     3 |    28 ||   111
       Box of beasts     |       |       |       |     1 |       |     2 |       |     1 |       ||     4
       Sack of spiders   |       |       |       |       |       |     2 |       |       |       ||     2
       Phial of floods   |       |       |       |       |       |     1 |     3 |     2 |       ||     6
       Phantom mirror    |       |       |       |       |       |       |     2 |       |       ||     2
  Use: Potion            |       |       |    10 |     4 |     6 |     9 |     9 |     6 |    25 ||    69
       Scroll            |       |       |    12 |    10 |    16 |    18 |    22 |    11 |    14 ||   103
 Stab: Paralysed         |     1 |       |       |       |       |       |       |       |       ||     1
       Sleeping          |       |     3 |     3 |       |       |       |       |       |       ||     6
       Distracted        |       |       |       |       |       |       |     2 |     2 |       ||     4
  Eat: Chunk             |     2 |    10 |    12 |    23 |    31 |    15 |    22 |     8 |     2 ||   125
       Ration            |       |       |     1 |     4 |     7 |    15 |     7 |     9 |     9 ||    52
Armor: Animal skin       |    11 |       |       |       |       |       |       |       |       ||    11
       Ring mail         |     5 |    39 |    38 |       |       |       |       |       |       ||    82
       Chain mail        |       |       |    89 |   267 |   219 |       |       |       |       ||   575
       Plate armour      |       |       |       |       |   514 |  1375 |   690 |   775 |   450 ||  3804
Dodge: Dodged            |    45 |    65 |   147 |   231 |   500 |   882 |   518 |   832 |   721 ||  3941
Block: Buckler           |       |    11 |    88 |   145 |   245 |   188 |    29 |       |       ||   706
       Other             |       |       |       |       |       |       |    88 |   128 |    68 ||   284
       Reflection        |       |       |       |       |       |       |    17 |     5 |       ||    22
       Rpst.: Executioner's axe |       |       |       |       |       |       |       |       |   118 ||   118
